 Dungeon Crawl Stone Soup version 0.21.1-1-g345015fe64 (webtiles) character file.

35 KingHarkinian the Chopper (level 3, -4/30 HPs)
             Began as a Minotaur Gladiator on Apr 16, 2018.
             Slain by Sigmund
             ... wielding a +0 vampiric scythe
              (7 damage)
             ... on level 2 of the Dungeon.
             The game lasted 00:05:43 (1126 turns).

KingHarkinian the Chopper (Minotaur Gladiator)      Turns: 1126, Time: 00:05:44

Health: -4/30      AC:  8    Str: 18    XL:     3   Next: 16%
Magic:  2/2        EV: 12    Int:  5    God:
Gold:   62         SH:  0    Dex: 12    Spells: 2/2 levels left

rFire    . . .     SeeInvis .   a - +0 war axe
rCold    . . .     Gourm    .   (no shield)
rNeg     . . .     Faith    .   e - +0 ring mail
rPois    .         Spirit   .   c - +0 hat
rElec    .         Reflect  .   (no cloak)
rCorr    .         Harm     .   g - +2 pair of gloves
MR       .....                  (no boots)
Stlth    +.........             (no amulet)
HPRegen  0.10/turn              (no ring)
MPRegen  0.08/turn              (no ring)

@: no status effects
A: retaliatory headbutt, horns 2
a: no special abilities


You were on level 2 of the Dungeon.
You were not hungry.

You visited 1 branch of the dungeon, and saw 2 of its levels.

You collected 62 gold pieces.


Innate Abilities, Weirdness & Mutations

You reflexively headbutt those who attack you in melee.
You have a pair of horns on your head.


   Skills:
 + Level 2.9 Fighting
 * Level 4.3 Axes
 + Level 2.4 Throwing
 + Level 3.6 Dodging


You had 2 spell levels left.
You didn't know any spells.

Inventory:

Hand Weapons
 a - a +0 war axe (weapon)
Missiles
 d - 3 throwing nets {=f}
Armour
 c - a +0 hat (worn)
 e - a +0 ring mail (worn)
 g - a +2 pair of gloves (worn)
Scrolls
 h - a scroll of identify {unknown}
 i - a scroll of enchant armour {unknown}
Comestibles
 f - 2 rations

Dungeon Overview and Level Annotations

Branches:
Dungeon (2/15)

Altars:

Annotations:
D:2 Sigmund

#. #? ##### #. ....
#.##### ##..####
######.#...## #......
#...........# #..#.####
.....$.{....####..<.....
.......@............####
..######...#####.####
###.# #.# #.# #.#
#######.# #.# ####
........#####.####...
########...........##
#####.####.#######
.######.....# #........


There were no monsters in sight!


Message History

A magic dart appears from out of thin air!
The magic dart hits you!
* * * LOW HITPOINT WARNING * * *
You closely miss something.
You hear some strange, mumbled words.
You are confused.
You completely miss something. Something hits you but does no damage.
You closely miss something. Something hits you!
* * * LOW HITPOINT WARNING * * *
You miss something.
You hear some strange, mumbled words.
A puff of flame appears from out of thin air!
The puff of flame hits you! Something hits you but does no damage.
Found a scroll labeled OLOHUT KYINANA.
You barely miss something.
You feel less confused. Something hits you.
* * * LOW HITPOINT WARNING * * *
Unknown command.
You closely miss something.
You hear some strange, mumbled words.
A puff of flame appears from out of thin air!
The puff of flame hits you!
* * * LOW HITPOINT WARNING * * *
You barely miss something. Something hits you!
You die...

Action                   || total
-------------------------++-------
Melee: War axe           ||    58
       Headbutt          ||     5
  Eat: Chunk             ||     1
Armor: Ring mail         ||    26
       Leather armour    ||     2
Dodge: Dodged            ||    45

Vault maps used:
D:1:      shiori_arrival_whats_in_store_for_you
D:2:      first_ration, kennysheep_nondescript, minmay_misc_feat_cross,
          uniq_sigmund

Notes
Turn   | Place    | Note
-------+----------+-------------------------------------------
     0 | D:1      | KingHarkinian the Minotaur Gladiator began the quest for the Orb.
     0 | D:1      | Reached XP level 1. HP: 18/18 MP: 0/0
     0 | D:1      | Noticed a vampire
     0 | D:1      | Noticed a gargoyle
     1 | D:1      | Noticed a centaur
     3 | D:1      | Noticed a vine stalker
     3 | D:1      | Noticed a troll
     7 | D:1      | Noticed an ogre
    10 | D:1      | Noticed a spriggan
    12 | D:1      | Noticed a naga
    13 | D:1      | Noticed a spriggan
    16 | D:1      | Noticed a human
    16 | D:1      | Noticed a felid
    20 | D:1      | Noticed a naga
   289 | D:1      | Reached XP level 2. HP: 25/25 MP: 1/1
   398 | D:1      | Reached skill level 4 in Axes
   708 | D:1      | Reached XP level 3. HP: 30/30 MP: 2/2
   964 | D:2      | Noticed Sigmund
  1125 | D:2      | HP: 3/30 [something/puff of flame (3)]
  1126 | D:2      | Slain by Sigmund

Vanquished Creatures
  2 dart slugs (D:1)
  4 goblins
  A hobgoblin (D:2)
  4 jackals (D:1)
  A ball python (D:1)
  7 bats (D:1)
  4 kobolds (D:1)
  5 rats
28 creatures vanquished.
